 Dungeon Crawl Stone Soup version 0.28.0-49-g6dfe1f597d (console) character file.

Game seed: 12678169197544812003

51 Faeu the Chopper (level 3, -1/51 HPs)
             Began as a Minotaur Berserker on May 16, 2022.
             Was a Believer of Trog.
             Slain by Robin
             ... wielding a +0 spear
              (2 damage)
             ... on level 2 of the Dungeon.
             The game lasted 00:00:56 (1095 turns).

Faeu the Chopper (Minotaur Berserker)               Turns: 1095, Time: 00:00:57

Health: -1/51      AC:  2    Str: 23    XL:     3   Next: 58%
Magic:  2/2        EV: 12    Int:  4    God:    Trog [**....]
Gold:   33         SH:  0    Dex:  9    Spells: 2/2 levels left

rFire   . . .      SeeInvis .   a - +0 hand axe {axe}
rCold   . . .      Faith    .   (no shield)
rNeg    . . .      Spirit   .   b - +0 animal skin
rPois   .          Reflect  .   (helmet restricted)
rElec   .          Harm     .   (no cloak)
rCorr   .          Rampage  .   (no gloves)
Will    .....                   (no boots)
Stlth   ..........              (no amulet)
HPRegen 0.17/turn               (no ring)
MPRegen 0.08/turn               (no ring)

@: berserking (expiring), very quick
A: horns 2, retaliatory headbutt
a: Renounce Religion, Berserk, Trog's Hand


You were on level 2 of the Dungeon.
You worshipped Trog.
Trog was pleased with you.
You visited 1 branch of the dungeon, and saw 2 of its levels.

You collected 33 gold pieces.


Innate Abilities, Weirdness & Mutations

You have a pair of horns on your head.
You reflexively headbutt those who attack you in melee.


   Skills:
 + Level 4.3 Fighting
 + Level 4.4 Axes
 + Level 3.4 Armour
 - Level 2.1 Dodging


You had 2 spell levels left.
You didn't know any spells.
Your spell library was empty.

Inventory:

Hand Weapons
 a - a +0 hand axe (weapon) {axe}
Armour
 b - a +0 animal skin (worn)
Scrolls
 c - a scroll of immolation {unknown}
 e - a scroll of fog {unknown}
Potions
 d - a potion of brilliance {unknown}

Dungeon Overview and Level Annotations

Branches:
Dungeon (2/15)

Altars:

Annotations:
D:2 Robin

##.ā€ ......#
#........#
#........#
#........+
##.......#
..#####........#
........##.###.#
...=.#.......#.#
.>## #).)#...#
#gā€ ā€ #####
#)@g# ##r(# ...#
.$... .......
........#
.........#
..........#


You could see Robin, a goblin (strong) and a rat.


Message History

Trog accepts your kill.
Robin roars a battlecry!
The goblins go into a battle-frenzy!
There are monsters nearby!
A goblin comes into view. It is wielding a +0 dagger.
The goblin shouts!
A goblin comes into view. It is wielding a +0 club.
A hobgoblin comes into view.
The goblin closely misses you. The goblin hits you with a +0 dagger.
You see here a hobgoblin corpse. šŸ˜® HP[-5]
You take 5 damage, and now have 20/33 hp.
There are monsters nearby!
You are too injured to fight recklessly!
There are monsters nearby!
You are too injured to fight recklessly!
A red film seems to cover your vision as you go berserk!
You feel yourself moving faster!
You feel mighty!
The goblin shouts!
The goblin hits you but does no damage.
An endoplasm comes into view.
The goblin barely misses you.
An endoplasm comes into view.
The goblin hits you but does no damage.
Robin hits you from afar with a +0 spear. šŸ˜® HP[+5]
You now have 49 max hp (+16).
You regained 5 hp, and now have 25/49 hp.
You hit the goblin.
You kill the goblin!
Trog accepts your kill.
You hit the goblin. You slash the goblin!
You kill the goblin!
Trog accepts your kill. The goblin hits you with a +0 dagger.
* * * LOW HITPOINT WARNING * * *
šŸ˜Ø HP[-4]
You take 4 damage, and now have 21/49 hp.
You closely miss the goblin. Your headbutt misses the goblin.
You slash the goblin!
You kill the goblin!
Trog accepts your kill. Robin throws the goblin at you!
* * * LOW HITPOINT WARNING * * *
The goblin closely misses you. The goblin misses you. šŸ˜Ø HP[-1]
You take 1 damage, and now have 20/49 hp.
You closely miss the goblin. You barely miss the goblin.
Robin throws the goblin at you!
* * * LOW HITPOINT WARNING * * *
The goblin barely misses you. The goblin hits you with a +0 club.
* * * LOW HITPOINT WARNING * * *
šŸ˜Ø HP[-4]
You take 4 damage, and now have 16/49 hp.
You slash the goblin!
You kill the goblin!
Trog accepts your kill.
You hit the goblin.
You kill the goblin!
Trog accepts your kill.
You slash the goblin!
You kill the goblin!
Trog accepts your kill.
You barely miss the hobgoblin. Robin closely misses you.
You slash the endoplasm!
You kill the endoplasm!
Trog accepts your kill.
You hit the hobgoblin. Robin misses you. šŸ˜Ø HP[+1]
You now have 51 max hp (+2).
You slash the hobgoblin!
You kill the hobgoblin!
Trog accepts your kill.
Robin hits you from afar with a +0 spear.
* * * LOW HITPOINT WARNING * * *
šŸ˜± HP[-6]
You take 6 damage, and now have 11/51 hp.
You miss the goblin.
The hobgoblin throws a stone.
The stone closely misses you. The goblin hits you with a +0 dagger.
* * * LOW HITPOINT WARNING * * *
The hobgoblin barely misses you.
Items here: )) ā€ ā€ . šŸ˜± HP[-6]
You take 6 damage, and now have 5/51 hp.
You hit the hobgoblin. You headbutt the hobgoblin.
You kill the hobgoblin!
Trog accepts your kill.
You closely miss the goblin. You hit Robin. You slash the hobgoblin!
You feel the power of Trog in you as your rage grows.
You kill the hobgoblin!
Trog accepts your kill. Robin hits you with a +0 spear.
* * * LOW HITPOINT WARNING * * *
šŸ˜± HP[-4]
You take 4 damage, and now have 1/51 hp.
You barely miss the rat. You headbutt the rat. You closely miss the goblin.
You slash Robin! The goblin hits you but does no damage.
Robin hits you with a +0 spear.
You die...

Skill      XL: |  1  2 |
---------------+-------+-----
Axes           | 4 |  4.4
Fighting       | 4 |  4.3
Armour         | 3 |  3.4
Dodging        | |  2.1

Action                   || total
-------------------------++-------
Melee: Hand axe          ||    60
       Headbutt          ||     9
Invok: Berserk           ||     1
 Stab: Sleeping          ||     1
Armor: Animal skin       ||     9
Dodge: Dodged            ||    37

Levels and vault maps discovered:
D:1:      heliophobic_arrival_battle_scene, layout_loops_corners,
          minmay_pentomino_s2
D:2:      layout_basic, uniq_sigmund, uniq_jessica, uniq_robin

Notes
Turn   | Place    | Note
-------+----------+-------------------------------------------
     0 | D:1      | Faeu the Minotaur Berserker began the quest for the Orb.
     0 | D:1      | Reached XP level 1. HP: 19/19 MP: 0/0
     0 | D:1      | magus.rc [v1.9.6]
   234 | D:1      | Reached XP level 2. HP: 27/27 MP: 1/1
   314 | D:1      | Reached skill level 4 in Axes
   359 | D:1      | Reached skill level 4 in Fighting
   460 | D:1      | Reached skill level 3 in Armour
   917 | D:1      | Reached XP level 3. HP: 29/33 MP: 2/2
  1076 | D:2      | Reached ** piety under Trog
  1079 | D:2      | Noticed Robin
  1091 | D:2      | HP: 11/51 [Robin/+0 spear (6)]
  1093 | D:2      | HP: 5/51 [goblin/+0 dagger[Robin] (6)]
  1094 | D:2      | HP: 1/51 [Robin/+0 spear (4)]
  1095 | D:2      | Slain by Robin

Vanquished Creatures
  A dart slug (D:1)
  A ball python (D:1)
  2 endoplasms
  3 giant cockroaches
  9 goblins
  10 hobgoblins
  3 jackals (D:1)
  2 quokkas (D:1)
  3 bats
  A frilled lizard (D:1)
  2 kobolds (D:1)
  2 rats (D:1)
39 creatures vanquished.

Table legend:
 A = Non-vault XP
 B = Vault XP
 C = Vault XP percentage of total XP
 D = Non-vault monster count
 E = Vault monster count
 F = Vault count percentage of total count
                 A         B        C        D         E       F
            +---------+---------+-------+---------+---------+-------
      Total |      52 |      22 |  29.7 |      28 |      11 |  28.2
            +---------+---------+-------+---------+---------+-------
        D:1 |      45 |       2 |   4.3 |      24 |       1 |   4.0
        D:2 |       7 |      20 |  74.1 |       4 |      10 |  71.4
            +---------+---------+-------+---------+---------+-------

Illustrated notes

Table legend:
 A = Kills in this place as a percentage of kills in entire the game.
 B = Kills by you in this place as a percentage of kills by you in the entire game.
 C = Kills by friends in this place as a percentage of kills by friends in the entire game.
 D = Other kills in this place as a percentage of other kills in the entire game.
 E = Experience gained in this place as a percentage of experience gained in the entire game.
 F = Experience gained in this place divided by the number of levels of this place that you have seen.
                   A       B       C       D       E      F
               +-------+-------+-------+-------+-------+----------------------
         Total | 100.0 | 100.0 |   N/A |   N/A | 100.0 |  37.0
       Dungeon | 100.0 | 100.0 |   N/A |   N/A | 100.0 |  37.0
               +-------+-------+-------+-------+-------+----------------------

Table legend: (Time is in decaauts)
 A = Elapsed time spent in this place.
 B = Non-inter-level travel time spent in this place.
 C = Inter-level travel time spent in this place.
 D = Time resting spent in this place.
 E = Time spent auto-exploring this place.
 F = Levels seen in this place.
 G = Mean time per level.
                   A        B        C        D        E       F      G
               +--------+--------+--------+--------+--------+-----+--------+
         Total |   1097 |   1093 |      4 |      0 |    951 |   2 |  548.5 |
       Dungeon |   1097 |   1093 |      4 |      0 |    951 |   2 |  548.5 |
               +--------+--------+--------+--------+--------+-----+--------+

Top non-repeatable levels by time:
     D:1: 1053 daAuts
     D:2: 43 daAuts
